 Dungeon Crawl Stone Soup version 0.32-a0-960-g3814254bd7 (webtiles) character file.

Game seed: 4293196545209295745

15 Dirtsage the Digger (level 2, -2/19 HPs)
             Began as a Demonspawn Earth Elementalist on Apr 17, 2024.
             Slain by a kobold
             ... wielding a +0 whip
              (4 damage)
             ... on level 1 of the Dungeon.
             The game lasted 00:01:10 (478 turns).

Dirtsage the Digger (Demonspawn Earth Elementalist)  Turns: 478, Time: 00:01:11

Health: -2/19      AC:  2    Str:  8    XL:     2   Next: 34%
Magic:  1/5        EV: 11    Int: 15    God:
Gold:   20         SH:  0    Dex: 13    Spells: 4/5 levels left

rFire   . . .        d - +0 club
rCold   . . .        (no shield)
rNeg    . . .        a - +0 robe
rPois   .            (helmet restricted)
rElec   .            (no cloak)
rCorr   .            (no gloves)
SInv    .            (no boots)
Will    .....        (no amulet)
Stlth   ++           (no ring)
HPRegen 0.23/turn    (no ring)
MPRegen 0.09/turn

%: no passive effects
@: no status effects
A: horns 1
a: no special abilities


You were on level 1 of the Dungeon.
You visited 1 branch of the dungeon, and saw 1 of its levels.

You collected 20 gold pieces.

Inventory:

Hand Weapons
 d - a +0 club (weapon)
Armour
 a - a +0 robe (worn)
Scrolls
 c - a scroll of identify {unknown}
 f - a scroll of teleportation {unknown}
 j - a scroll of poison {unknown}
 k - a scroll of vulnerability {unknown}
Potions
 b - a potion of magic
 e - 2 potions of degeneration {unknown}
 g - a potion of haste {unknown}
 h - a potion of attraction {unknown}
 i - a potion of resistance {unknown}


   Skills:
 - Level 1.7 Dodging
 - Level 1.7 Stealth
 - Level 2.0 Spellcasting
 + Level 1.5 Conjurations
 * Level 3.2 Earth Magic


You had 4 spell levels left.
You knew the following spells:

 Your Spells              Type           Power      Damage    Failure   Level
a - Sandblast             Erth           22%        2d7       6%          1

Your spell library contained the following spells:

 Spells                   Type           Power      Damage    Failure   Level
 Passwall                 Erth           11%        N/A       19%         3
 Stone Arrow              Conj/Erth      16%        3d8       26%         3
 Brom's Barrelling Bould  Conj/Erth      8%         2d3       63%         4
 Petrify                  Alch/Erth      6%         N/A       75%         4


Dungeon Overview and Level Annotations

Branches:
Dungeon (1/15)

Altars:


Innate Abilities, Weirdness & Mutations

You have a pair of small horns on your head.


Message History

Aiming: Sandblast (safe; 6% risk of failure)
Press: ? - help, Shift-Dir - straight line, f/p - kobold
Aim: a kobold, wielding a +0 whip, wearing a +0 ring mail and quivering stones (80% to hit)
The blast of sand hits the kobold but does no damage.
The kobold hits you with a +0 whip.
You take 2 damage, and have 14/19 hp.
You now have 1/5 mp.
Casting: Sandblast (safe; 6% risk of failure)
Confirm with . or Enter, or press ? or * to list all spells.
Aiming: Sandblast (safe; 6% risk of failure)
Press: ? - help, Shift-Dir - straight line, f/p - kobold
Aim: a kobold, wielding a +0 whip, wearing a +0 ring mail and quivering stones (80% to hit)
The blast of sand hits the kobold but does no damage.
The kobold barely misses you.
You now have 0/5 mp.
Casting: Sandblast (safe; 6% risk of failure)
Confirm with . or Enter, or press ? or * to list all spells.
You don't have enough magic to cast this spell.
Unknown command.
Casting: Sandblast (safe; 6% risk of failure)
Confirm with . or Enter, or press ? or * to list all spells.
You don't have enough magic to cast this spell.
Unknown command.
You hit the kobold but do no damage. Your headbutt misses the kobold.
The kobold hits you with a +0 whip.
You take 4 damage, and have 10/19 hp.
MASSIVE DAMAGE!!
You barely miss the kobold. The kobold hits you with a +0 whip.
The hobgoblin hits you. x2
* * * LOW HITPOINT WARNING * * *
The kobold hits you with a +0 whip.
* * * LOW HITPOINT WARNING * * *
You take 8 damage, and have 2/19 hp.
MASSIVE DAMAGE!!
You hit the kobold but do no damage. The hobgoblin barely misses you.
The kobold completely misses you.
You hit the kobold but do no damage. The hobgoblin closely misses you.
The kobold closely misses you.
You barely miss the kobold. You headbutt the kobold.
The kobold is severely wounded.
The hobgoblin barely misses you. The kobold closely misses you.
The hobgoblin barely misses you. The kobold hits you with a +0 whip.
You die...

)# ##.## .## #.#
..####+# # #......# ..
..###.## ..# ### #.#
.. #
###.#############.####
#
#.....>........g).....
###.#.######....@K.†#
...[.........########
###.#.######## ##.#.#
##..#.# .≈≈≈#.#
.≈.≈..# #≈.≈#.#
#≈.≈..#


You could see a hobgoblin and a kobold.

Vanquished Creatures
  A dart slug (D:1)
  A ball python (D:1)
  An endoplasm (D:1)
  A goblin (D:1)
  2 jackals (D:1)
  A bat (D:1)
  3 kobolds (D:1)
  3 rats (D:1)
13 creatures vanquished.

Notes
Turn   | Place    | Note
-------+----------+-------------------------------------------
     0 | D:1      | Dirtsage the Demonspawn Earth Elementalist began the quest
                  | for the Orb.
     0 | D:1      | Reached XP level 1. HP: 13/13 MP: 3/3
    92 | D:1      | Reached skill level 3 in Earth Magic
   189 | D:1      | Discovered your monstrous ancestry.
   189 | D:1      | Gained mutation: You have a pair of small horns on your
                  | head. [demonic ancestry]
   189 | D:1      | Reached XP level 2. HP: 19/19 MP: 3/5
   256 | D:1      | Found a faded altar of an unknown god.
   478 | D:1      | Slain by a kobold

Illustrated notes

Levels and vault maps discovered:
D:1:      evilmike_arrival_plus, layout_loops_ring,
          chequers_ecumenical_altar_island, supply_closet_lemuel,
          chequers_serial_rivers_micro_d, minmay_heptomino_d4

Skill      XL: |  1 |
---------------+----+-----
Earth Magic    | 3 |  3.2
Dodging        | |  1.7
Stealth        | |  1.7
Spellcasting   | |  2.0
Conjurations   | |  1.5

Action                     || total
---------------------------++-------
  Melee: Unarmed           ||     6
         Club              ||     5
         Headbutt          ||     1
   Cast: Sandblast         ||    20
 Armour: Robe              ||    17
  Dodge: Dodged            ||    13

Table legend: (Time is in decaauts)
 A = Elapsed time spent in this place.
 B = Non-inter-level travel time spent in this place.
 C = Inter-level travel time spent in this place.
 D = Time resting spent in this place.
 E = Time spent auto-exploring this place.
 F = Levels seen in this place.
 G = Mean time per level.
                   A        B        C        D        E       F      G
               +--------+--------+--------+--------+--------+-----+--------+
         Total |    488 |    488 |      0 |      0 |    383 |   1 |  488.0 |
       Dungeon |    488 |    488 |      0 |      0 |    383 |   1 |  488.0 |
               +--------+--------+--------+--------+--------+-----+--------+

Top non-repeatable levels by time:
     D:1: 488 daAuts
